 Dungeon Crawl Stone Soup version 0.17-a0-1399-gd5b76e1 (webtiles) character file.

111 RobertPalmer the Cudgeler (level 4, 0/48 HPs)
             Began as an Ogre Chaos Knight on June 19, 2015.
             Slain by an orc wizard
             ... wielding a +0 dagger
              (7 damage)
             ... on level 4 of the Dungeon.
             The game lasted 00:03:15 (2371 turns).

RobertPalmer the Cudgeler (Ogre Chaos Knight)       Turns: 2371, Time: 00:03:16

Health: 0/48       AC:  6    Str: 17    XL:     4   Next: 92%
Magic:  4/4        EV: 10    Int: 11    God:    Xom [.*....]
Gold:   129        SH:  0    Dex: 10    Spells: 0 memorised, 3 levels left

rFire  . . .     SeeInvis .     a - +0 mace (chaos)
rCold  . . .     Clarity  .     b - +2 robe
rNeg   + . .     SustAt   .     (no shield)
rPois  .         Gourm    .     (helmet restricted)
rElec  .         Spirit   .     g - +0 cloak
rCorr  .         Warding  .     (gloves unavailable)
rMut   .         Stasis   .     (boots unavailable)
MR     .....                    (no amulet)
Stlth  +.........               (no ring)
                                n - ring of positive energy {rN+}

@: very slightly contaminated, hasted, very quick, not resistant to hostile
enchantments, very unstealthy
A: unfitting armour, tough skin 1
a: Renounce Religion


You were on level 4 of the Dungeon.
You worshipped Xom.
You were a plaything of Xom.
You were hungry.

You visited 1 branch of the dungeon, and saw 4 of its levels.

You collected 129 gold pieces.

Inventory:

Hand weapons
 a - a +0 mace of chaos (weapon)
Armour
 b - a +2 robe (worn)
 g - a +0 cloak (worn)
   (You found it on level 1 of the Dungeon)
Jewellery
 n - a ring of positive energy (left hand) {rN+}
   (You found it on level 3 of the Dungeon)
Magical devices
 u - a wand of hasting (4)
   (Xom gifted it to you on level 2 of the Dungeon)
Scrolls
 e - 7 scrolls of identify
 i - a scroll of amnesia {unknown}
 l - 2 scrolls of recharging {unknown}
 o - a scroll of enchant armour {unknown}
 q - a scroll of teleportation {unknown}
 r - a scroll of fear {unknown}
 s - 2 scrolls of noise {unknown}
 t - a scroll of remove curse {unknown}
Potions
 d - a potion of lignification {unknown}
 f - a potion of agility {unknown}
 h - a potion of haste {unknown}
 j - a potion of might {unknown}
 k - a potion of resistance {unknown}
 p - a potion of degeneration {unknown}
Comestibles
 c - 5 bread rations {@e1}
 m - 2 slices of pizza


   Skills:
 - Level 4.0 Fighting
 + Level 7.2 Maces & Flails
 - Level 2.1 Dodging


You had 3 spell levels left.
You didn't know any spells.

Dungeon Overview and Level Annotations

Branches:
Dungeon (4/15)
 Temple: D:4-7

Altars:
Gozag
Yredelemnul


Innate Abilities, Weirdness & Mutations

You are too large for most types of armour.
You have tough skin (AC +1).


Message History

Unknown command.
You see here 20 bolts.
Found a stone staircase leading up.
Xom grants you a gift! Something appears at your feet!
u - a wand of hasting {god gift}
There are no items here.
Done exploring.
Done exploring.
Done exploring.
Done exploring.
Read which item? (? for menu, Esc to quit)
As you read the scroll labeled BUSANEJ AHIYL, it crumbles to dust.
It is a scroll of identify.
Identify which item? (\ to view known items) (? for menu, Esc to quit)
n - an uncursed ring of positive energy Read which item? (? for menu, Esc to quit)
Identify which item? (\ to view known items) (? for menu, Esc to quit)
As you read the scroll of identify, it crumbles to dust.
u - a wand of hasting (5) Put on which piece of jewellery? (? for menu, Esc to quit)
n - a ring of positive energy (left hand) {rN+} Done exploring.
Done exploring.
Done exploring.
(D) Dungeon
Where to? (Enter - D:2, ? - help)
You see here 20 bolts.
You are feeling hungry.
(D) Dungeon
Where to? (Enter - D:3, ? - help)
There is a stone staircase leading down here.
You climb downwards.
There is a stone staircase leading up here.
Done exploring.
Done exploring.
Done exploring.
(D) Dungeon
Where to? (Enter - D:3, ? - help)
There is a stone staircase leading down here.
You climb downwards.
There is a stone staircase leading up here. 3 orcs and an orc wizard come into view.
The orc wizard shouts!
The orc shouts!
There are monsters nearby!
There are monsters nearby!
There are monsters nearby!
An orc wizard comes into view. It is wielding a dagger.
The orc wizard shouts!
The orc misses you.
The orc shouts!
You hit the orc.
The orc wizard mumbles some strange words.
The orc wizard flickers and vanishes!
Deactivating autopickup; reactivate with Ctrl-A.
The orc closely misses you.
You completely miss the orc.
The orc wizard mumbles some strange words.
The orc wizard blinks!
The orc closely misses you.
You barely miss the orc. The orc hits you but does no damage.
You hit the orc.
You kill the orc!
You barely miss the orc. The orc barely misses you.
You hit the orc but do no damage. You thump something!
You closely miss something. Something hits you.
You take 2 damage, and have 46/48 hp.
You barely miss something. Something hits you but does no damage.
You hit something but do no damage. Something hits you. Something hits you.
You take 8 damage, and have 38/48 hp.
You closely miss something. Something hits you but does no damage.
Something hits you.
You take 6 damage, and have 32/48 hp.
You barely miss something. Something hits you.
You take 3 damage, and have 29/48 hp.
You miss something. Something hits you.
The orc wizard points at you and mumbles some strange words.
Something completely misses you.
You take 6 damage, and have 23/48 hp.
You hit something. Something hits you.
You take 5 damage, and have 18/48 hp.
You miss something. Something hits you. Something hits you.
* * * LOW HITPOINT WARNING * * *
You take 5 damage, and have 13/48 hp.
You barely miss something. Something hits you.
* * * LOW HITPOINT WARNING * * *
Something hits you but does no damage.
The orc wizard cheers loudly.
You take 2 damage, and have 11/48 hp.
You hit something. Something hits you but does no damage.
The orc wizard casts a spell.
The orc wizard blinks!
Unknown command.
You feel yourself speed up.
You are very lightly contaminated with residual magic.
This wand has 4 charges left.
Something hits you.
* * * LOW HITPOINT WARNING * * *
Something hits you!
You die...
Xom laughs nastily!

...............#####
..####..######## #.
#..# .. #..# .. #..#
#..# #..# #..#
########## #..#
#.@{o.o..o ...#
#.######## #.#
#.#########
#........<#
###########


You could see an orc wizard and 2 orcs.

Vanquished Creatures
  Ijyb (D:2)
  2 adders (D:2)
  3 oozes
  An orc (D:4)
  3 giant cockroaches
  5 goblins (D:1)
  8 hobgoblins
  11 jackals
  3 kobolds (D:1)
  A quokka (D:3)
  A ball python (D:4)
  3 bats
  2 giant newts
  4 rats
48 creatures vanquished.

Notes
Turn   | Place    | Note
--------------------------------------------------------------
     0 | D:1      | RobertPalmer the Ogre Chaos Knight began the quest for the Orb.
     0 | D:1      | Reached XP level 1. HP: 24/24 MP: 1/1
   257 | D:1      | XOM: harmless Summ miscast
   349 | D:1      | Reached XP level 2. HP: 21/32 MP: 2/2
   408 | D:1      | XOM: silly message
   432 | D:1      | Reached skill level 5 in Maces & Flails
   645 | D:1      | XOM: mild Necr miscast
   688 | D:1      | Reached XP level 3. HP: 30/39 MP: 3/3
   999 | D:1      | XOM: vitrification
  1153 | D:2      | Reached skill level 6 in Maces & Flails
  1202 | D:2      | XOM: mild Pois miscast
  1242 | D:2      | XOM: silly message
  1287 | D:2      | You fall through a shaft for 2 floors!
  1311 | D:4      | Noticed a scorpion
  1484 | D:2      | Noticed Ijyb
  1500 | D:2      | Killed Ijyb
  1500 | D:2      | Reached XP level 4. HP: 43/48 MP: 4/4
  1511 | D:2      | Found a basalt altar of Yredelemnul.
  1573 | D:2      | XOM: confuse monster(s)
  1671 | D:2      | XOM: severe Fire miscast
  1671 | D:2      | HP: 4/48 [something (39)]
  1957 | D:2      | Found an opulent altar of Gozag.
  2163 | D:2      | Reached skill level 7 in Maces & Flails
  2201 | D:2      | XOM: harmless Hex miscast
  2254 | D:2      | XOM: god gift: ivory wand {god gift}
  2369 | D:4      | HP: 11/48 [something (2)]
  2371 | D:4      | Slain by an orc wizard

Vault maps used:
D:1:      evilmike_arrival_crescent, minmay_misc_feat_chi
D:2:      yredelemnul_altar_generic, lemuel_round_altar, minmay_fountain_box,
          minmay_door_square, uniq_iyjb
D:3:      tso_altar, item_on_display_a
D:4:      kennysheep_mini, first_bread

Action                   |  1- 3 |  4- 6 || total
-------------------------+-------+-------++-------
Melee: Mace              |   116 |    38 ||   154
Evoke: Wand              |       |     1 ||     1
  Use: Scroll            |       |     2 ||     2
 Stab: Sleeping          |     2 |       ||     2
       Petrifying        |     1 |       ||     1
  Eat: Chunk             |     1 |     3 ||     4

Vault maps used:
D:1:      evilmike_arrival_crescent, minmay_misc_feat_chi
D:2:      yredelemnul_altar_generic, lemuel_round_altar, minmay_fountain_box,
          minmay_door_square, uniq_iyjb
D:3:      tso_altar, item_on_display_a
D:4:      kennysheep_mini, first_bread

Table legend:
 A = Turns spent in this place as a percentage of turns spent in the entire game.
 B = Non-inter-level travel turns spent in this place as a percentage of non-inter-level travel turns spent in the entire game.
 C = Inter-level travel turns spent in this place as a percentage of turns spent in this place.
 D = Turns resting spent in this place as a percentage of non-inter-level travel turns spent in this place.
 E = Turns spent auto-exploring this place as a percentage of non-inter-level travel turns spent in this place.
 F = Non-inter-level travel turns spent in this place divided by the number of levels of this place that you've seen.
                   A       B       C       D       E      F
               +-------+-------+-------+-------+-------+----------------------
         Total | 100.0 | 100.0 |   1.0 |   0.9 |  17.3 | 146.2
       Dungeon | 100.0 | 100.0 |   1.0 |   0.9 |  17.3 | 146.2
               +-------+-------+-------+-------+-------+----------------------

Table legend:
 A = Kills in this place as a percentage of kills in entire the game.
 B = Kills by you in this place as a percentage of kills by you in the entire game.
 C = Kills by friends in this place as a percentage of kills by friends in the entire game.
 D = Other kills in this place as a percentage of other kills in the entire game.
 E = Experience gained in this place as a percentage of experience gained in the entire game.
 F = Experience gained in this place divided by the number of levels of this place that you have seen.
                   A       B       C       D       E      F
               +-------+-------+-------+-------+-------+----------------------
         Total | 100.0 | 100.0 |  -nan |  -nan | 100.0 |  39.8
       Dungeon | 100.0 | 100.0 |  -nan |  -nan | 100.0 |  39.8
               +-------+-------+-------+-------+-------+----------------------
